 Dungeon Crawl Stone Soup version 0.30-a0-1160-g6e42c06 (webtiles) character file.

Game seed: 9410544012049481608

291 Dorkslayer the Covered (level 6, 0/38 HPs)
             Began as a Gargoyle Fighter on Apr 25, 2023.
             Slain by a wyvern skeleton (2 damage)
             ... on level 3 of the Dungeon.
             The game lasted 00:05:15 (2358 turns).

Dorkslayer the Covered (Gargoyle Fighter)           Turns: 2358, Time: 00:05:16

Health: 0/38       AC: 15    Str: 20    XL:     6   Next: 32%
Magic:  6/6        EV:  8    Int:  8    God:
Gold:   158        SH:  4    Dex: 11    Spells: 5/5 levels left

rFire   . . .        a - +0 war axe
rCold   . . .        c - +0 buckler
rNeg    + . .        r - +0 chain mail
rPois   ∞            (no helmet)
rElec   +            (no cloak)
rCorr   .            (no gloves)
SInv    .            q - +0 pair of boots
Will    .....        (no amulet) Stlth
                     (no ring)
HPRegen 0.26/turn    (no ring)
MPRegen 0.10/turn

%: no passive effects
@: mighty
A: sickness immunity, AC +4, negative energy resistance 1, electricity
resistance, torment resistance 1, petrification resistance
a: no special abilities


You were on level 3 of the Dungeon.
You visited 1 branch of the dungeon, and saw 3 of its levels.

You collected 158 gold pieces.

Inventory:

Hand Weapons
 a - a +0 war axe (weapon)
Armour
 c - a +0 buckler (worn)
 q - a +0 pair of boots (worn)
 r - a +0 chain mail (worn)
Scrolls
 j - 3 scrolls of fog {unknown}
 l - a scroll of poison {unknown}
 n - a scroll of torment {unknown}
 o - 3 scrolls of immolation {unknown}
 p - 2 scrolls of noise {unknown}
 s - a scroll of silence {unknown}
 t - a scroll of blinking {unknown}
 u - a scroll of enchant weapon {unknown}
Potions
 e - 2 potions of ambrosia
 f - 4 potions of curing
 h - a potion of cancellation {unknown}
 i - a potion of flight {unknown}
 k - a potion of attraction {unknown}
 m - a potion of lignification {unknown}


   Skills:
 + Level 4.2 Fighting
 + Level 3.8 Axes
 + Level 4.2 Armour
 * Level 2.1 Dodging
 + Level 3.7 Shields


You had 5 spell levels left.
You didn't know any spells.
Your spell library contained the following spells:

 Spells                   Type           Power      Damage    Failure   Level
 Gell's Gravitas          Tloc           0%         N/A       100%        3
 Teleport Other           Tloc           0%         N/A       100%        3
 Cause Fear               Hex            0%         N/A       100%        4
 Dispersal                Tloc           0%         N/A       100%        6
 Dragon Form              Tmut           0%         N/A       100%        7
 Dragon's Call            Summ           0%         N/A       100%        9


Dungeon Overview and Level Annotations

Branches:
Dungeon (3/15)

Altars:
Okawaru
Trog
The Shining One


Innate Abilities, Weirdness & Mutations

You are immune to sickness and miasma.
Your stone body is resilient. (AC +4)
You are immune to poison.
You resist negative energy. (rN+)
You are resistant to electric shocks. (rElec)
You are resistant to unholy torment.
You are immune to petrification.


Message History

You feel much better. Dega's ghost hits you!
You closely miss Dega's ghost. Dega's ghost barely misses you.
You barely miss Dega's ghost.
Dega's ghost hits you but does no damage. x2
You miss Dega's ghost. Dega's ghost barely misses you.
You slash Dega's ghost!
Dega's ghost is moderately damaged.
Dega's ghost hits you.
You slash Dega's ghost!
Dega's ghost is severely damaged.
Dega's ghost closely misses you. Dega's ghost hits you!
You slash Dega's ghost!
You destroy Dega's ghost!
The killer bee zombie hits you but does no damage. x2
Your Dodging skill increases to level 2!
You have reached level 6!
You hit the killer bee zombie.
The killer bee zombie is moderately damaged.
The killer bee zombie barely misses you.
The killer bee zombie hits you but does no damage.
You slice the killer bee zombie!!
You destroy the killer bee zombie!
The bullfrog skeleton barely misses you.
You slash the bullfrog skeleton!
The bullfrog skeleton is almost destroyed.
The bullfrog skeleton barely misses you.
You block the bullfrog skeleton's attack.
You slash the bullfrog skeleton!
You destroy the bullfrog skeleton!
You slash the wyvern skeleton!
The wyvern skeleton is moderately damaged.
The wyvern skeleton bites you but does no damage.
The wyvern skeleton bites you!
* * * LOW HITPOINT WARNING * * *
You slash the wyvern skeleton!
The wyvern skeleton is heavily damaged.
The wyvern skeleton bites you.
* * * LOW HITPOINT WARNING * * *
The wyvern skeleton bites you.
You die...

#.# ####### ###.####### #.. #.#
####### #....(....# #.. #.#
#.....# #......##.####.. #.#
#...).###...##.##....... #.#
#>..........##.......... #.#
#....>#####.#####....... #.#
#.....# ##.......##....
#.#############....)#####.#..
####.#.........@Z..........#.#..
#....#.>.....######'''####.#.#..
#.####.......####.......##.#..).
#.# #........(.##.....##.......
#.# #.......##.#.......##..#...
#.####..........##..!$.##...##..
#...†........##.#..#.#..#...##..
########...##############.......
##### ##.#.##.#.##


You could see a wyvern skeleton.

Vanquished Creatures
  The ghost of Dega the Shield-Bearer, an amateur OpFi (D:3)
  A jelly (D:3)
  A bullfrog skeleton (D:3)
  An orc wizard (D:3)
  A killer bee zombie (D:3)
  3 gnolls (D:3)
  An adder (D:3)
  2 worms
  3 orcs (D:3)
  4 endoplasms
  3 giant cockroaches
  4 goblins (D:1)
  5 hobgoblins
  7 jackals
  2 quokkas
  5 ball pythons
  9 bats
  3 frilled lizards
  3 kobolds (D:3)
  5 rats
64 creatures vanquished.

Notes
Turn   | Place    | Note
-------+----------+-------------------------------------------
     0 | D:1      | Dorkslayer the Gargoyle Fighter began the quest for the
                  | Orb.
     0 | D:1      | Reached XP level 1. HP: 14/14 MP: 1/1
   236 | D:1      | Reached XP level 2. HP: 18/19 MP: 2/2
   663 | D:1      | Reached XP level 3. HP: 23/23 MP: 3/3
  1326 | D:2      | Found a glowing golden altar of the Shining One.
  1334 | D:2      | Reached skill level 1 in Dodging
  1547 | D:3      | Reached XP level 4. HP: 23/28 MP: 4/4
  1573 | D:3      | Found a bloodstained altar of Trog.
  1701 | D:3      | Reached XP level 5. HP: 31/33 MP: 5/5
  1844 | D:3      | Found a runed translucent gate.
  1845 | D:3      | Found a runed translucent gate.
  1846 | D:3      | Found a runed translucent gate.
  1848 | D:3      | Noticed Dega's ghost (amateur OpFi)
  2258 | D:3      | Found an iron altar of Okawaru.
  2352 | D:3      | Killed Dega's ghost
  2353 | D:3      | Reached XP level 6. HP: 11/38 MP: 6/6
  2358 | D:3      | Slain by a wyvern skeleton

Illustrated notes

Levels and vault maps discovered:
D:1:      giann_wishing_wells, layout_loops_ring
D:2:      layout_loops_ring, serial_glass, glass_columns_c, glass_columns_b,
          glass_columns_b, glass_columns_a, basic_altar, minmay_ruptured
D:3:      layout_loops_cross, hellmonk_okawaru_the_only_friend_you_need,
          old_standard_altar, gammafunk_ghost_necromancy

Skill      XL: |  1  2  3  4  5 |
---------------+----------------+-----
Axes           | 2 3 |  3.8
Dodging        | 1 2 |  2.1
Fighting       | 4 |  4.2
Armour         | 4 |  4.2
Shields        | |  3.7

Action                     |  1- 3 |  4- 6 || total
---------------------------+-------+-------++-------
  Melee: War axe           |   131 |    68 ||   199
    Use: Scroll            |       |     3 ||     3
         Potion            |       |     3 ||     3
 Armour: Scale mail        |    99 |    23 ||   122
         Chain mail        |       |    21 ||    21
  Dodge: Dodged            |    74 |    29 ||   103
  Block: Buckler           |    40 |    16 ||    56

Table legend: (Time is in decaauts)
 A = Elapsed time spent in this place.
 B = Non-inter-level travel time spent in this place.
 C = Inter-level travel time spent in this place.
 D = Time resting spent in this place.
 E = Time spent auto-exploring this place.
 F = Levels seen in this place.
 G = Mean time per level.
                   A        B        C        D        E       F      G
               +--------+--------+--------+--------+--------+-----+--------+
         Total |   2439 |   2439 |      0 |      0 |   1425 |   3 |  813.0 |
       Dungeon |   2439 |   2439 |      0 |      0 |   1425 |   3 |  813.0 |
               +--------+--------+--------+--------+--------+-----+--------+

Top non-repeatable levels by time:
     D:3: 845 daAuts
     D:2: 808 daAuts
     D:1: 785 daAuts
